 Dungeon Crawl Stone Soup version 0.26-a0-67-g850bfe61e3 (webtiles) character file.

Game seed: 9511179292478810453

377253 Apogee the Markscentaur (level 21, -4/201 HPs)
             Began as a Centaur Hunter on June 12, 2020.
             Was the Champion of Okawaru.
             Killed from afar by a deep elf sorcerer (30 damage)
             ... with damnation
             ... on level 3 of the Elven Halls.
             The game lasted 03:07:49 (67011 turns).

Apogee the Markscentaur (Centaur Hunter)           Turns: 67011, Time: 03:07:49

Health: -4/201     AC: 33    Str: 32    XL:     21   Next: 82%
Magic:  36/36      EV: 26    Int:  6    God:    Okawaru [******]
Gold:   2610       SH:  0    Dex: 20    Spells: 22/28 levels left

rFire    + + .     SeeInvis +   b - +6 longbow "Goklurph" {venom, +Fly Str+2}
rCold    . . .     Gourm    .   (shield currently unavailable)
rNeg     . . .     Faith    .   x - +5 plate armour "Earthly Heaven" {rF+ Str+3 SInv}
rPois    +         Spirit   .   U - +2 helmet {SInv}
rElec    +         Reflect  .   s - +2 cloak of Tuuzeofy {rElec rPois MP+9}
rCorr    .         Harm     .   z - +2 pair of gloves {Dex+3}
MR       ++...     Rnd*Tele +   m - +4 centaur barding of the Untouchables {rF+ Dex+3}
Stlth    ..........             S - amulet of the acrobat
HPRegen  0.43/turn              q - ring of Cyahuakh {Wiz MR+ Str+3 Dex+3}
MPRegen  0.25/turn              (no ring)

@: corroded, acrobat, very slightly contaminated, invisible, very quick
A: large, hooves 3, deformed body, dopey 2, speed 2, poison resistance,
teleportitis 1, tough skin 3, no potion heal 1, subdued magic 1
}: 2/15 runes: decaying, gossamer
a: Heroism, Finesse, Renounce Religion, Evoke Flight


You were on level 3 of the Elven Halls.
You worshipped Okawaru.
Okawaru was exalted by your worship.
You were very hungry.

You visited 7 branches of the dungeon, and saw 38 of its levels.
You visited the Abyss 1 time.
You visited 1 bazaar.
You also visited: Bailey and Gauntlet.

You collected 4149 gold pieces.
You spent 1539 gold pieces at shops.

Inventory:

Hand Weapons
 a - a +1 demon whip of venom
 b - the +6 longbow "Goklurph" (weapon) {venom, +Fly Str+2}
   (Okawaru gifted it to you on level 3 of the Vaults)

   It poisons the ammo it fires.
   It affects your strength (+2).
   It lets you fly.
 n - the +2 longbow of Responsibility {venom, +Blink rC- Int+4 SInv Stlth+}
   (You bought it in a shop on level 2 of the Orcish Mines)

   It poisons the ammo it fires.
   It affects your intelligence (+4).
   It makes you vulnerable to cold.
   It lets you see invisible.
   It lets you blink.
   It makes you more stealthy.
Missiles
 d - 629 arrows (quivered)
 E - 4 atropa-tipped darts
 I - 6 throwing nets
 X - 6 curare-tipped darts
Armour
 m - the +4 centaur barding of the Untouchables (worn) {rF+ Dex+3}
   (Okawaru gifted it to you on level 2 of the Orcish Mines)

   It affects your dexterity (+3).
   It protects you from fire.
 r - the +1 hat of Moth {-Tele rF+ SInv}
   (You found it in a Gauntlet)

   It protects you from fire.
   It lets you see invisible.
   It prevents most forms of teleportation.
 s - the +2 cloak of Tuuzeofy (worn) {rElec rPois MP+9}
   (You found it in a Gauntlet)

   It insulates you from electricity.
   It protects you from poison.
   It affects your magic capacity (+9).
 x - the +5 plate armour "Earthly Heaven" (worn) {rF+ Str+3 SInv}
   (You bought it in a shop on level 2 of the Vaults)

   It affects your strength (+3).
   It protects you from fire.
   It lets you see invisible.
 z - a +2 pair of gloves of dexterity (worn)
 H - the +10 kite shield of Snakes and Ladders {rCorr}
   (Okawaru gifted it to you on level 3 of the Swamp)

   It provides partial protection from all sources of acid and corrosion.
 U - a +2 helmet of see invisible (worn)
Jewellery
 q - the ring of Cyahuakh (left hand) {Wiz MR+ Str+3 Dex+3}
   (You found it on level 4 of the Dungeon)

   [ring of wizardry]

   It improves your spell success rate.
   It affects your strength (+3).
   It affects your dexterity (+3).
   It affects your resistance to hostile enchantments.
 t - an uncursed ring of positive energy
 G - an uncursed ring of protection from fire
 S - an amulet of the acrobat (around neck)
 V - an uncursed ring of ice
 W - an uncursed amulet of reflection
Wands
 l - a wand of digging (7)
 A - a wand of acid (8)
 J - a wand of iceblast (8)
 L - a wand of clouds (1)
Scrolls
 e - 14 scrolls of remove curse
 g - 6 scrolls of amnesia
 h - 7 scrolls of magic mapping
 k - 14 scrolls of identify
 p - 2 scrolls of teleportation
 u - 5 scrolls of fog
 B - 9 scrolls of enchant weapon
 C - 11 scrolls of enchant armour
 K - 4 scrolls of fear
 Y - 3 scrolls of holy word
Potions
 c - 5 potions of flight
 o - 20 potions of curing
 y - a potion of berserk rage
 D - 5 potions of brilliance
 M - 3 potions of resistance
 N - 6 potions of might
 P - 6 potions of lignification
 Q - 4 potions of magic
 R - 2 potions of haste
 T - a potion of stabbing
 Z - 5 potions of ambrosia
Miscellaneous
 O - a lightning rod (4/4)
Comestibles
 f - 60 rations


   Skills:
 - Level 20.0 Fighting
 - Level 12.0 Maces & Flails
 - Level 20.0 Bows
 + Level 10.3 Armour
 - Level 10.0 Dodging
 - Level 2.0 Stealth
 - Level 15.0 Shields
 - Level 4.0 Spellcasting
 - Level 4.0 Charms
 - Level 8.0 Invocations


You had 22 spell levels left.
You knew the following spells:

 Your Spells              Type           Power        Failure   Level  Hunger
a - Song of Slaying       Chrm           #.......     21%         2    ###....
b - Apportation           Tloc           #.....       58%         1    ##.....
c - Corona                Hex            #......      58%         1    ##.....
d - Swiftness             Chrm/Air       #.......     43%         2    ###....

Your spell library contained the following spells:

 Spells                   Type           Power        Failure   Level  Hunger
 Infusion                 Chrm           #...         14%         1    ##.....
 Shroud of Golubria       Chrm/Tloc      #.....       43%         2    ###....
 Animate Skeleton         Necr           N/A          58%         1    ##.....
 Foxfire                  Conj/Fire      #...         58%         1    ##.....
 Freeze                   Ice            #...         58%         1    ##.....
 Pain                     Necr           #...         58%         1    ##.....
 Summon Butterflies       Summ           #.......     58%         1    ##.....
 Summon Small Mammal      Summ           #...         58%         1    ##.....
 Call Imp                 Summ           #.......     71%         2    ###....
 Passwall                 Tmut/Erth      #.......     71%         2    ###....
 Poisonous Vapours        Pois/Air       #.....       71%         2    ###....
 Confusing Touch          Hex            #.......     89%         3    ####...
 Conjure Flame            Conj/Fire      #.......     89%         3    ####...
 Gell's Gravitas          Tloc           #.........   89%         3    ####...
 Inner Flame              Hex/Fire       #.......     89%         3    ####...
 Lesser Beckoning         Tloc           #.........   89%         3    ####...
 Mephitic Cloud           Conj/Pois/Air  #.......     89%         3    ####...
 Vampiric Draining        Necr           #.........   89%         3    ####...
 Animate Dead             Necr           N/A          99%         4    #####..
 Petrify                  Tmut/Erth      #.......     99%         4    #####..
 Sticky Flame             Conj/Fire      #.......     99%         4    #####..
 Summon Lightning Spire   Summ/Air       #.......     99%         4    #####..
 Agony                    Necr           #.......     100%        5    ######.
 Blade Hands              Tmut           #.........   100%        5    ######.
 Bolt of Magma            Conj/Fire/Erth #.........   100%        5    ######.
 Fireball                 Conj/Fire      #.........   100%        5    ######.
 Irradiate                Conj/Tmut      #.........   100%        5    ######.
 Iskenderun's Battlesphe  Conj/Chrm      #.......     100%        5    ######.
 Metabolic Englaciation   Hex/Ice        #.........   100%        5    ######.
 Silence                  Hex/Air        #.........   100%        5    ######.
 Summon Forest            Summ/Tloc      #.........   100%        5    ######.
 Yara's Violent Unravell  Hex/Tmut       #.........   100%        5    ######.
 Conjure Ball Lightning   Conj/Air       #.........   100%        6    #######
 Freezing Cloud           Conj/Ice/Air   #.........   100%        6    #######
 Hydra Form               Tmut           #.........   100%        6    #######
 Iron Shot                Conj/Erth      #.........   100%        6    #######
 Shadow Creatures         Summ           N/A          100%        6    #######
 Statue Form              Tmut/Erth      #........    100%        6    #######
 Dragon Form              Tmut           #.........   100%        7    #######
 Malign Gateway           Summ/Tloc      #.........   100%        7    #######
 Orb of Destruction       Conj           #.........   100%        7    #######
 Ring of Flames           Chrm/Fire      #.........   100%        7    #######
 Spellforged Servitor     Conj/Summ      #.........   100%        7    #######
 Tornado                  Air            #.........   100%        9    #######


Dungeon Overview and Level Annotations

Branches:
Dungeon (15/15)            Temple (0/1) D:7            Lair (6/6) D:11
  Swamp (4/4) Lair:4       Spider (4/4) Lair:4        Slime (0/5) Lair:6
    Orc (2/2) D:12            Elf (3/3) Orc:2        Vaults (4/5) D:13
  Crypt (0/3) Vaults:3     Depths (0/5) D:15         Bailey (visited)
Gauntlet (visited)

Altars:
Elyvilon
Fedhas
Gozag
Nemelex Xobeh
Okawaru
Qazlal
Uskayaw
Wu Jian
Xom
Yredelemnul
Zin
Beogh
Lugonu

Shops:
D:5 ?   Orc:2 }[:=%([   Elf:2 }=}*   Vaults:2 ![[[

Annotations:
D:7 2 transporters
D:13 2 transporters
D:15 3 runed translucent doors, exclusion: 3 doors, Bvern's ghost, journeyman GnWz
Lair:2 1 runed translucent door, exclusion: door, ioannis32's ghost, journeyman DsFi
Elf:3 1 exclusion


Innate Abilities, Weirdness & Mutations

You have hooves in place of feet.
Armour fits poorly on your strangely shaped body.
You cover ground very quickly.
You have extremely tough skin. (AC +3)
You are very dopey. (Int -4)
Your system is resistant to poisons. (rPois)
You are occasionally teleported next to monsters.
Potions are less effective at restoring your health.
Your spells are a little easier to cast, but a little less powerful.


Message History

Firing (i - inventory. (/) - cycle)
d - 630 arrows (quivered)
Press: ? - help, Shift-Dir - straight line, f/p - deep elf sorcerer
Aim: a deep elf sorcerer, wielding a -2 long sword You shoot an arrow.
The arrow hits the deep elf sorcerer!!
The deep elf sorcerer is moderately wounded.
You fade into invisibility!
The deep elf sorcerer gestures wildly while chanting.
The deep elf sorcerer seems to speed up.
Okawaru accepts your kill.
You feel a bit more experienced.
The deep elf sorcerer points at you and mumbles some strange words.
The bolt of acid hits you!
* * * LOW HITPOINT WARNING * * *
The acid corrodes you!
You are splashed with acid!
* * * LOW HITPOINT WARNING * * *
The deep elf mage gestures at you while chanting.
The bolt of negative energy misses the +0 hand axe of flaming.
The deep elf sorcerer points at you and mumbles some strange words.
The sphere of damnation explodes!
The damnation engulfs you!!
You die...

****,,.).,,***,*,,,* #..#......
.#**##..e*,,*#.,,,** #..#......
e..##.#.####(..,,** #..#......
.......e(.(....,** #..#......
#....(e.e.....#** #..#......
**#....((...#** #..#....).
#######[################..#....(.
....(.(...(e..............#......
.....((.(ee.....@.........#......
####(....########'######..#......
...)(....#.............#..#......
..e(.....#.............#..#......
..E..#...#.............#..#......
)..E.#...#...#######...#..#......
.....#...#...#.....#...#..#......
.....'...#...'.....#...#..#......
.....#...#...#...).#...#..#......


You could see 2 deep elf sorcerers, a deep elf mage and a +0 hand axe of
flaming.

Vanquished Creatures
  An ancient lich (Abyss:3)
  4 liches
  2 deep elf master archers (Elf:3)
  Gastronok (D:9)
  5 thorn hunters
  3 tentacled starspawn (Abyss:3)
  A revenant (Vaults:3)
  2 frost giants
  9 vault wardens
  2 deep elf elementalists
  4 ghost moths (Spider:4)
  4 emperor scorpions
  12 ironheart preservers
  7 stone giants
  7 very ugly things
  4 entropy weavers
  5 deep elf demonologists
  A minotaur (Gauntlet)
  2 vampire knights (Swamp:4)
  A deep elf annihilator (Vaults:1)
  A dire elephant (D:14)
  3 spark wasps (Spider:4)
  An eidolon (Abyss:3)
  2 ettins (D:13)
  3 deep elf high priests (Elf:3)
  5 yaktaur captains
  4 deep elf death magi
  13 ogre magi
  Erolcha (D:9)
  Harold (D:7)
  3 fire dragons
  2 rakshasas
  3 great orbs of eyes
  12 vault guards
  3 catoblepae
  19 hydras
  2 ice dragons
  3 death knights
  8 centaur warriors
  A shambling mangrove (Swamp:3)
  3 deep troll shamans
  12 alligators
  33 dancing weapons
  A vampire mage (Vaults:3)
  48 two-headed ogres
  A queen ant (Spider:2)
  15 death yaks
  A thrashing horror (Abyss:3)
  5 deep troll earth magi
  3 hell hogs (Abyss:3)
  A tengu warrior (Gauntlet)
  Nergalle (Lair:4)
  22 deep elf knights
  Sonja (D:11)
  A shadow wraith (Vaults:4)
  A skeletal warrior (Vaults:1)
  An unseen horror (shapeshifter) (D:15)
  2 unseen horrors
  A ghost moth zombie (Abyss:3)
  3 flayed ghosts
  2 wizards
  A glowing orange brain (Vaults:4)
  A sixfirhy (Abyss:3)
  7 swamp dragons
  2 swamp dragons (shapeshifter)
  6 spriggan druids
  12 deep trolls
  13 ironbrand convokers
  A lindwurm (Lair:6)
  A spectral hydra (Swamp:4)
  3 necromancers
  23 deep elf archers
  7 orc knights
  25 wolf spiders
  6 phantasmal warriors
  A fire giant zombie (Vaults:1)
  A stone giant zombie (Vaults:3)
  3 orc sorcerers
  85 deep elf magi
  8 oklob plants
  9 large abominations (Abyss:3)
  12 orb spiders
  A salamander (D:15)
  3 moths of wrath
  6 cyclopes
  31 ugly things
  18 vault sentinels
  A moth of wrath (shapeshifter) (Abyss:3)
  2 elephants (Lair:6)
  2 apocalypse crabs (Abyss:3)
  An iron dragon skeleton (Abyss:3)
  A stone giant skeleton (Vaults:1)
  Maurice (D:13)
  Joseph (D:7)
  An eye of devastation (Abyss:3)
  A molten gargoyle (Gauntlet)
  2 gargoyles (Gauntlet)
  A smoke demon (Abyss:3)
  2 black mambas
  A water nymph (shapeshifter) (Vaults:2)
  A centaur zombie (D:14)
  16 spiny frogs
  3 torpor snails
  4 centaur skeletons
  2 rime drakes
  3 efreet
  2 hydra zombies (Swamp:4)
  20 yaktaurs
  A tengu conjurer (Gauntlet)
  9 komodo dragons
  16 demonic crawlers
  A tormentor (Abyss:3)
  An ancient zyme (Abyss:3)
  A yaktaur skeleton (Vaults:1)
  19 hornets
  26 jumping spiders
  2 silent spectres (Abyss:3)
  8 polar bears
  A raiju (Abyss:3)
  A wolf spider simulacrum (D:14)
  13 trolls
  4 blink frogs (Swamp:1)
  2 hydra skeletons (Swamp:4)
  A meliai zombie (D:14)
  8 tyrant leeches
  27 slime creatures
  12 dream sheep
  9 bog bodies
  3 human simulacra
  14 hippogriffs
  3 air elementals
  A centaur simulacrum (D:14)
  A vampire (D:15)
  An ice dragon skeleton (Vaults:1)
  51 redbacks
  5 spriggans
  33 tarantellas
  2 water elementals (Elf:2)
  4 shadows
  A tarantella (shapeshifter) (Vaults:1)
  A wyvern (D:12)
  34 yaks
  2 fire elementals
  2 humans (shapeshifter)
  16 humans (D:13)
  4 wraiths
  4 small abominations (Abyss:3)
  13 vampire mosquitoes
  2 hungry ghosts
  Grum (D:11)
  2 basilisks (Lair:1)
  3 chaos spawn (Abyss:3)
  2 neqoxecs (Abyss:3)
  14 swamp worms
  5 insubstantial wisps
  3 acid dragons
  Edmund (D:6)
  Menkaure (D:5)
  A spiny frog zombie (Abyss:3)
  3 hell hounds (Abyss:3)
  5 hydra simulacra (Swamp:4)
  8 water moccasins
  26 soldier ants
  8 porcupines
  3 wargs
  A swamp dragon zombie (Swamp:4)
  A black bear (shapeshifter) (D:15)
  18 orc warriors
  9 swamp drakes
  4 ice beasts
  2 black bears
  2 phantoms
  4 sky beasts
  A necrophage (D:7)
  18 wolves
  44 ogres
  2 swamp dragon skeletons (Swamp:4)
  11 centaurs
  6 crocodiles
  4 big kobolds
  Blork the orc (D:4)
  A yaktaur zombie (Vaults:1)
  14 bullfrogs
  8 gnoll sergeants (Bailey)
  4 earth elementals
  3 scorpions
  3 troll zombies
  15 killer bees
  2 troll skeletons (Swamp:2)
  11 wights
  3 electric eels
  7 crimson imps
  A quasit (D:11)
  An iron imp (Abyss:3)
  10 hounds
  5 human zombies
  13 orc priests
  7 gnoll shamans
  18 orc wizards
  4 bullfrog skeletons
  4 jellies
  3 bullfrog zombies
  Ijyb (D:5)
  5 human skeletons
  4 iguanas
  Natasha (twice) (D:2)
  21 worker ants
  2 hound zombies
  A hound skeleton (D:7)
  Robin (D:4)
  3 worker ant zombies
  24 gnolls
  16 adders
  4 shadow imps
  A white imp (Abyss:3)
  An ooze (D:2)
  2 adder zombies (D:5)
  An adder skeleton (D:4)
  2 dart slugs
  3 leopard geckos
  80 orcs
  5 bats
  3 giant cockroaches
  22 goblins
  12 hobgoblins
  11 jackals
  11 kobolds
  2 quokkas (D:3)
  A ball python (D:1)
  7 frilled lizards
  An orc zombie (D:7)
  8 rats
  2 crawling corpses (Elf:2)
  A plant (Lair:6)
  5 starspawn tentacles (Abyss:3)
1654 creatures vanquished.

Vanquished Creatures (collateral kills)
  A deep elf annihilator (Elf:3)
1 creature vanquished.

Vanquished Creatures (others)
  A hell hog (Abyss:3)
  A large abomination (Abyss:3)
  An orc wizard (D:13)
  An orc (D:5)
  7 fungi
  19 plants
  9 starspawn tentacles (Abyss:3)
39 creatures vanquished.

Grand Total: 1694 creatures vanquished

Notes
Turn   | Place    | Note
-------+----------+-------------------------------------------
     0 | D:1      | Apogee the Centaur Hunter began the quest for the Orb.
     0 | D:1      | Reached XP level 1. HP: 17/17 MP: 1/1
    83 | D:1      | Reached skill level 1 in Stealth
    83 | D:1      | Reached XP level 2. HP: 20/25 MP: 2/2
   927 | D:1      | Reached XP level 3. HP: 24/30 MP: 3/3
  1147 | D:2      | Found a white marble altar of Elyvilon.
  1222 | D:2      | Noticed Natasha
  1226 | D:2      | Killed Natasha
  1296 | D:2      | Reached XP level 4. HP: 35/38 MP: 4/4
  1323 | D:2      | Noticed Natasha
  1328 | D:2      | Killed Natasha
  1757 | D:2      | You fall into a shaft and drop 2 floors!
  1770 | D:4      | Reached XP level 5. HP: 36/46 MP: 5/5
  1782 | D:4      | Found an opulent altar of Gozag.
  1810 | D:4      | Noticed Robin
  1846 | D:4      | Found an iron altar of Okawaru.
  1854 | D:4      | Became a worshipper of Warmaster Okawaru
  2324 | D:3      | Reached skill level 5 in Fighting
  2822 | D:3      | Reached XP level 6. HP: 53/56 MP: 6/6
  3011 | D:3      | Found a hide-covered altar of Uskayaw.
  3011 | D:3      | Found a sparkling altar of Nemelex Xobeh.
  3088 | D:3      | Reached skill level 1 in Maces & Flails
  3319 | D:4      | Found a stormy altar of Qazlal.
  3356 | D:4      | Reached * piety under Okawaru
  3382 | D:4      | Got a scorched bone ring
  3535 | D:4      | Killed Robin
  3914 | D:4      | Noticed Blork the orc
  3925 | D:4      | Killed Blork the orc
  4362 | D:4      | Found an opulent altar of Gozag.
  4416 | D:4      | Reached XP level 7. HP: 30/64 MP: 7/7
  4854 | D:5      | Entered Level 5 of the Dungeon
  4965 | D:5      | Noticed Menkaure
  5162 | D:5      | Identified the ring of Cyahuakh {Wiz MR+ Str+3 Dex+3} (You
                  | found it on level 4 of the Dungeon)
  5327 | D:5      | Identified the +1 ring mail of Henotheism {-Cast rN++
                  | Int+7}
  5327 | D:5      | Noticed Ijyb
  5341 | D:5      | Killed Ijyb
  5590 | D:5      | Found Boasur's Magic Scroll Emporium.
  5840 | D:5      | Killed Menkaure
  5840 | D:5      | Reached XP level 8. HP: 56/73 MP: 8/8
  5896 | D:5      | Reached ** piety under Okawaru
  6330 | D:6      | Reached skill level 5 in Maces & Flails
  6540 | D:6      | Found a shimmering altar of Xom.
  6568 | D:6      | Noticed Edmund
  6585 | D:6      | Killed Edmund
  7006 | D:6      | Reached *** piety under Okawaru
  7028 | D:6      | Found a shimmering altar of Xom.
  7375 | D:7      | Received a gift from Okawaru
  7375 | D:7      | Reached XP level 9. HP: 67/81 MP: 9/9
  7556 | D:7      | Noticed Harold
  7692 | D:7      | Killed Harold
  8034 | D:7      | Noticed Joseph
  8042 | D:7      | Reached **** piety under Okawaru
  8045 | D:7      | Killed Joseph
  8045 | D:7      | Reached skill level 10 in Maces & Flails
  8151 | D:7      | Found a staircase to the Ecumenical Temple.
  8628 | D:7      | Found a basalt altar of Yredelemnul.
  8754 | D:7      | Noticed a troll
  8801 | D:7      | Killed a troll
  8801 | D:7      | Reached XP level 10. HP: 88/88 MP: 10/10
  9019 | D:7      | Found a transporter.
  9020 | D:7      | Found a corrupted altar of Lugonu.
  9020 | D:7      | Noticed a red ugly thing
  9097 | D:7      | Noticed a two-headed ogre
  9126 | D:7      | Killed a two-headed ogre
  9126 | D:7      | Reached ***** piety under Okawaru
  9385 | D:7      | Found a transporter.
  9772 | D:7      | Gained mutation: You are dopey. (Int -2) [potion of
                  | mutation]
  9772 | D:7      | Gained mutation: Your system is resistant to poisons.
                  | (rPois) [potion of mutation]
 10646 | D:8      | Received a gift from Okawaru
 10657 | D:8      | Got a glimmering centaur barding {god gift}
 10663 | D:8      | Identified the +0 centaur barding of the Present {Harm
                  | *Corrode rPois Dex+9} (Okawaru gifted it to you on level 8
                  | of the Dungeon)
 10916 | D:8      | Noticed a three-headed hydra
 10924 | D:8      | Killed a three-headed hydra
 10924 | D:8      | Reached skill level 10 in Bows
 11571 | D:9      | Found a flagged portal.
 11585 | Bailey   | Entered a bailey
 11714 | Bailey   | Reached XP level 11. HP: 39/94 MP: 11/11
 12990 | Bailey   | Got an agate-encrusted leather armour
 12992 | Bailey   | Got a slimy short sword
 13104 | D:9      | Identified the +1 leather armour of Darkness {+Inv Int+6
                  | Dex+2} (You found it in a bailey)
 13301 | D:9      | Noticed Gastronok
 13375 | D:9      | Killed Gastronok
 13718 | D:9      | Noticed Erolcha
 13743 | D:9      | Killed Erolcha
 14041 | D:9      | Found a glowing silver altar of Zin.
 14350 | D:10     | Entered Level 10 of the Dungeon
 14565 | D:10     | Received a gift from Okawaru
 14891 | D:10     | Reached skill level 1 in Armour
 15632 | D:10     | Received a gift from Okawaru
 15776 | D:10     | Got an ichor-stained plate armour
 15794 | D:10     | Identified the +7 plate armour of Purpose {Stlth+} (You
                  | found it on level 10 of the Dungeon)
 16083 | D:11     | Found a staircase to the Lair.
 16292 | D:11     | Noticed a six-headed hydra
 16317 | D:11     | Killed a six-headed hydra
 16317 | D:11     | Reached XP level 12. HP: 81/101 MP: 12/12
 16543 | D:11     | Noticed Grum
 16581 | D:11     | Killed Grum
 16865 | D:11     | Noticed Sonja
 16871 | D:11     | Killed Sonja
 17104 | D:11     | Received a gift from Okawaru
 17104 | D:11     | Reached skill level 1 in Invocations
 17423 | Lair:1   | Entered Level 1 of the Lair of Beasts
 17512 | Lair:1   | Reached skill level 5 in Dodging
 18327 | Lair:1   | Received a gift from Okawaru
 18395 | Lair:1   | You fall into a shaft and drop 1 floor!
 18411 | Lair:2   | Found a runed translucent door.
 18414 | Lair:2   | Noticed ioannis32's ghost (journeyman DsFi)
 19190 | Lair:1   | Reached skill level 5 in Armour
 19528 | Lair:2   | You fall into a shaft and drop 1 floor!
 20058 | Lair:3   | Noticed a seven-headed hydra
 20063 | Lair:3   | Killed a seven-headed hydra
 20619 | Lair:2   | Noticed a death yak
 20621 | Lair:2   | Noticed a death yak
 20623 | Lair:2   | Noticed a death yak
 20624 | Lair:2   | Noticed a death yak
 20628 | Lair:2   | Noticed a death yak
 20653 | Lair:2   | Killed a death yak
 20653 | Lair:2   | Reached XP level 13. HP: 104/113 MP: 16/16
 20748 | Lair:2   | Reached skill level 10 in Fighting
 21944 | D:12     | Found a staircase to the Orcish Mines.
 21999 | D:12     | Reached ****** piety under Okawaru
 22290 | D:12     | Received a gift from Okawaru
 22373 | D:12     | You fall into a shaft and drop 2 floors!
 22816 | D:14     | Received a gift from Okawaru
 23806 | D:15     | Entered Level 15 of the Dungeon
 24124 | D:15     | Paralysed by a vampire for 6 turns
 24176 | D:15     | Reached XP level 14. HP: 81/124 MP: 17/17
 24454 | D:15     | Found a runed translucent gate.
 24455 | D:15     | Found a runed translucent gate.
 24456 | D:15     | Found a runed translucent gate.
 24457 | D:15     | Noticed Bvern's ghost (journeyman GnWz)
 24458 | D:15     | Noticed an orc warlord
 24459 | D:15     | Found an iron altar of Okawaru.
 24977 | D:15     | Found a staircase to the Depths.
 25386 | D:13     | Noticed Maurice
 25861 | D:13     | Received a gift from Okawaru
 26122 | D:13     | Killed Maurice
 26187 | D:13     | Found a transporter.
 26213 | D:13     | Found a roughly hewn altar of Beogh.
 26213 | D:13     | Found a transporter.
 26348 | D:13     | Found a gate to the Vaults.
 26816 | Orc:1    | Entered Level 1 of the Orcish Mines
 27728 | Lair:4   | Found a hole to the Spider Nest.
 27955 | Lair:4   | Found a staircase to the Swamp.
 28374 | Lair:4   | Noticed Nergalle
 28394 | Lair:4   | Killed Nergalle
 29338 | Lair:5   | Found an ornate altar of the Wu Jian Council.
 29657 | Lair:6   | Entered Level 6 of the Lair of Beasts
 29928 | Lair:6   | Received a gift from Okawaru
 30333 | Lair:6   | Reached XP level 15. HP: 126/132 MP: 18/18
 31067 | Lair:6   | Found a staircase to the Slime Pits.
 31372 | Lair:6   | Reached skill level 15 in Bows
 31507 | Lair:6   | Reached skill level 10 in Armour
 31873 | Lair:6   | Identified the Tome of the Supportive Snowflakes
 31895 | Lair:6   | Received a gift from Okawaru
 32967 | Orc:2    | Entered Level 2 of the Orcish Mines
 33027 | Orc:2    | Found a gate leading to a gauntlet.
 33057 | Gauntlet | Entered a Gauntlet
 33057 | Gauntlet | Found a transporter.
 33057 | Gauntlet | Found a transporter.
 33063 | Gauntlet | Found a transporter.
 33076 | Gauntlet | Found a transporter.
 33093 | Gauntlet | Found a transporter.
 33093 | Gauntlet | Found a transporter.
 33134 | Gauntlet | Received a gift from Okawaru
 33208 | Gauntlet | Found a transporter.
 33220 | Gauntlet | Found a transporter.
 33221 | Gauntlet | Found a transporter.
 33231 | Gauntlet | Found a transporter.
 33238 | Gauntlet | Got a warped cloak
 33265 | Gauntlet | Identified the +2 cloak of Tuuzeofy {rElec rPois MP+9} (You
                  | found it in a Gauntlet)
 33389 | Gauntlet | Found a transporter.
 33448 | Gauntlet | Found a transporter.
 33705 | Gauntlet | Got a bloodstained hat
 33710 | Gauntlet | Found a transporter.
 33808 | Gauntlet | Received a gift from Okawaru
 33983 | Gauntlet | Identified the Incunabulum of Displacement
 33986 | Gauntlet | Identified the Papyrus of the Yaks
 33989 | Gauntlet | Identified the Catalogue of Aid
 33991 | Gauntlet | Identified the +1 hat of Moth {-Tele rF+ SInv} (You found
                  | it in a Gauntlet)
 34033 | Orc:2    | Found Ymuxewim's Book Emporium.
 34103 | Orc:2    | Received a gift from Okawaru
 34141 | Orc:2    | Reached skill level 10 in Dodging
 34190 | Orc:2    | Received a gift from Okawaru
 34240 | Orc:2    | Found Vadarymp's Gadget Shop.
 34253 | Orc:2    | Found Mojonet's Antique Armour Boutique.
 34363 | Orc:2    | Received a gift from Okawaru
 34364 | Orc:2    | Got a distressingly furry centaur barding {god gift}
 34365 | Orc:2    | Identified the +4 centaur barding of the Untouchables {rF+
                  | Dex+3} (Okawaru gifted it to you on level 2 of the Orcish
                  | Mines)
 34405 | Orc:2    | Found Dionguho's Jewellery Emporium.
 34413 | Orc:2    | Found Suedoacs's Food Shop.
 34413 | Orc:2    | Found Heabb's Antique Armour Shoppe.
 34413 | Orc:2    | Found Ulaenaf's Antique Weapon Shop.
 34468 | Orc:2    | Bought an ichor-stained longbow for 247 gold pieces
 34468 | Orc:2    | Identified the cursed +2 longbow of Responsibility {venom,
                  | +Blink rC- Int+4 SInv Stlth+} (You bought it in a shop on
                  | level 2 of the Orcish Mines)
 34581 | Orc:2    | Found a staircase to the Elven Halls.
 35181 | Swamp:1  | Entered Level 1 of the Swamp
 35658 | Swamp:1  | Reached XP level 16. HP: 139/139 MP: 19/19
 38061 | Swamp:3  | Received a gift from Okawaru
 38072 | Swamp:3  | Got a steaming kite shield {god gift}
 38094 | Swamp:3  | Identified the +10 kite shield of Snakes and Ladders
                  | {rCorr} (Okawaru gifted it to you on level 3 of the Swamp)
 38546 | Swamp:3  | Reached skill level 5 in Invocations
 38832 | Swamp:3  | Noticed a thorn hunter
 38855 | Swamp:2  | Killed a thorn hunter
 39521 | Swamp:4  | Entered Level 4 of the Swamp
 39583 | Swamp:4  | Noticed a thorn hunter
 39605 | Swamp:4  | Killed a thorn hunter
 40511 | Swamp:4  | Noticed a thorn hunter
 40526 | Swamp:4  | Killed a thorn hunter
 40526 | Swamp:4  | Received a gift from Okawaru
 40615 | Swamp:4  | Noticed a thorn hunter
 40622 | Swamp:4  | Killed a thorn hunter
 40627 | Swamp:4  | Noticed a thorn hunter
 40636 | Swamp:4  | Killed a thorn hunter
 40636 | Swamp:4  | Reached XP level 17. HP: 121/151 MP: 23/23
 40789 | Swamp:4  | Found a blossoming altar of Fedhas.
 40894 | Swamp:4  | Got a decaying rune of Zot
 40916 | Swamp:4  | Found a basalt altar of Yredelemnul.
 41457 | Vaults:1 | Entered Level 1 of the Vaults
 42419 | Vaults:1 | Received a gift from Okawaru
 42435 | Vaults:1 | Reached skill level 1 in Shields
 42918 | Vaults:1 | Received a gift from Okawaru
 43700 | Vaults:1 | Received a gift from Okawaru
 43712 | Vaults:1 | Received a gift from Okawaru
 43712 | Vaults:1 | Reached skill level 5 in Shields
 43720 | Vaults:1 | Paralysed by an ogre mage for 4 turns
 44141 | Vaults:1 | Got a fading morningstar {god gift}
 44142 | Vaults:1 | Identified the +2 morningstar of a Million Visionaries
                  | {protect, *Rage *Noise MR+++ Stlth+} (Okawaru gifted it to
                  | you on level 1 of the Vaults)
 45259 | Vaults:1 | Received a gift from Okawaru
 45572 | Vaults:1 | Received a gift from Okawaru
 45573 | Vaults:1 | Got a smelly chain mail {god gift}
 45599 | Vaults:1 | Identified the +2 chain mail "Dulomin" {rElec rN++ Str-5
                  | Stlth+} (Okawaru gifted it to you on level 1 of the Vaults)
 46058 | Vaults:2 | Reached XP level 18. HP: 103/161 MP: 24/24
 46471 | Vaults:2 | Found Qodgh's Antique Armour Shop.
 46478 | Vaults:2 | Bought a warped plate armour for 1092 gold pieces
 46478 | Vaults:2 | Identified the +5 plate armour "Earthly Heaven" {rF+ Str+3
                  | SInv} (You bought it in a shop on level 2 of the Vaults)
 46528 | Vaults:2 | Found Ygi Banen's Distillery.
 46676 | Vaults:2 | Found Owiach's Antique Armour Emporium.
 47153 | Vaults:2 | Found Rustrong's Antique Armour Emporium.
 47248 | Vaults:2 | Reached skill level 10 in Shields
 48189 | Vaults:2 | Found the +5 robe of Night {Dark MR+ SInv}
 48413 | Vaults:3 | Received a gift from Okawaru
 48583 | Vaults:3 | Received a gift from Okawaru
 48600 | Vaults:3 | Reached skill level 15 in Fighting
 48901 | Vaults:3 | Received a gift from Okawaru
 49158 | Vaults:3 | Got a bloodstained longbow {god gift}
 49161 | Vaults:3 | Identified the +6 longbow "Goklurph" {venom, +Fly Str+2}
                  | (Okawaru gifted it to you on level 3 of the Vaults)
 49231 | Vaults:3 | You fall into a shaft and drop 1 floor!
 49242 | Vaults:4 | Noticed a lich
 49248 | Vaults:4 | Killed a lich
 49822 | Vaults:4 | Received a gift from Okawaru
 50176 | Vaults:4 | Received a gift from Okawaru
 50198 | Vaults:4 | Reached XP level 19. HP: 147/172 MP: 25/25
 50198 | Vaults:4 | Noticed a lich
 50303 | Vaults:4 | Killed a lich
 50902 | Vaults:4 | Received a gift from Okawaru
 52737 | Vaults:3 | Got a flickering jade ring
 53052 | Vaults:3 | Found the +4 robe of Augmentation {Str+4 Int+4 Dex+4}
 53085 | Vaults:3 | Identified the ring of Ropre {MP+9 Dex+5 Stlth+} (You found
                  | it on level 3 of the Vaults)
 53469 | Vaults:3 | Got a heavily runed leather armour
 53916 | Vaults:3 | Noticed a lich
 53920 | Vaults:3 | Killed a lich
 53963 | Vaults:3 | Found a staircase to the Crypt.
 54370 | Spider:1 | Entered Level 1 of the Spider Nest
 54547 | Spider:1 | Received a gift from Okawaru
 55013 | Spider:1 | Received a gift from Okawaru
 55937 | Spider:2 | Learned a level 2 spell: Song of Slaying
 55939 | Spider:2 | Learned a level 1 spell: Apportation
 55941 | Spider:2 | Learned a level 1 spell: Corona
 55944 | Spider:2 | Learned a level 2 spell: Swiftness
 56109 | Spider:2 | Reached skill level 1 in Charms
 56134 | Spider:2 | Reached XP level 20. HP: 180/180 MP: 26/26
 56527 | Spider:2 | Received a gift from Okawaru
 58573 | Spider:4 | Entered Level 4 of the Spider Nest
 59313 | Spider:4 | Received a gift from Okawaru
 59586 | Spider:4 | Reached skill level 15 in Shields
 59630 | Spider:4 | Received a gift from Okawaru
 59630 | Spider:4 | Reached skill level 1 in Spellcasting
 59894 | Spider:4 | Got a twisted tower shield {god gift}
 59895 | Spider:4 | Identified the +0 tower shield of the Wasteland {*Corrode
                  | +Blink MR+} (Okawaru gifted it to you on level 4 of the
                  | Spider Nest)
 60546 | Spider:4 | Got a gossamer rune of Zot
 60848 | Elf:1    | Entered Level 1 of the Elven Halls
 61936 | Elf:1    | You fall into a shaft and drop 1 floor!
 62026 | Elf:2    | Found a runed translucent gate.
 62026 | Elf:2    | Found a runed translucent gate.
 62026 | Elf:2    | Found a runed translucent gate.
 62058 | Elf:2    | Received a gift from Okawaru
 62131 | Elf:2    | Cast into level 3 of the Abyss (+3 hand axe of distortion)
 62132 | Abyss:3  | Found a corrupted altar of Lugonu.
 62201 | Abyss:3  | Noticed an ancient lich
 62204 | Abyss:3  | Received a gift from Okawaru
 62211 | Abyss:3  | Killed an ancient lich
 62234 | Abyss:3  | Received a gift from Okawaru
 62234 | Abyss:3  | Reached XP level 21. HP: 51/192 MP: 27/27
 62378 | Abyss:3  | Found a runed translucent gate.
 62378 | Abyss:3  | Found a runed translucent gate.
 62378 | Abyss:3  | Found a runed translucent gate.
 62741 | Abyss:3  | Paralysed by you for 3 turns
 62760 | Abyss:3  | Gained mutation: Potions are less effective at restoring
                  | your health. [a neqoxec]
 62761 | Abyss:3  | Gained mutation: You are occasionally teleported next to
                  | monsters. [a neqoxec]
 62763 | Abyss:3  | Gained mutation: Your spells are a little easier to cast,
                  | but a little less powerful. [a neqoxec]
 62885 | Abyss:3  | Gained mutation: You are very dopey. (Int -4) [a neqoxec]
 63229 | Abyss:3  | Found a corrupted altar of Lugonu.
 63698 | Elf:2    | Escaped the Abyss
 64479 | Elf:2    | Received a gift from Okawaru
 64509 | Elf:2    | Got a crystal longbow {god gift}
 64510 | Elf:2    | Identified the +0 longbow "Enyblat" {venom, Str-5 Int+3
                  | Dex+9 SInv} (Okawaru gifted it to you on level 2 of the
                  | Elven Halls)
 64642 | Elf:2    | Identified the +5 short sword of the Three Blessings
                  | {speed, *Drain +Fly SInv Stlth+}
 64775 | Elf:2    | Found Nuske Edd's Gadget Shoppe.
 64775 | Elf:2    | Found Emaffyos's Jewellery Shop.
 64777 | Elf:2    | Found Gijaty's Gadget Shoppe.
 64984 | Elf:2    | Found Rogiyfo's Assorted Antiques.
 65214 | Elf:3    | Entered Level 3 of the Elven Halls
 65258 | Elf:3    | Found a flickering gateway to a bazaar.
 65272 | Bazaar   | Entered a bazaar
 65274 | Bazaar   | Found Gymow's Antique Armour Boutique.
 65278 | Bazaar   | Found Cadghol's Armour Shoppe.
 65288 | Bazaar   | Found Deutur's Book Emporium.
 65291 | Bazaar   | Found Afrac's Gadget Boutique.
 65327 | Bazaar   | Found Pimestru's Distillery.
 65338 | Bazaar   | Bought a potion of heal wounds for 40 gold pieces
 65338 | Bazaar   | Bought a potion of resistance for 80 gold pieces
 65338 | Bazaar   | Bought a potion of haste for 80 gold pieces
 66172 | Elf:3    | Received a gift from Okawaru
 66502 | Elf:3    | Received a gift from Okawaru
 67011 | Elf:3    | Killed from afar by a deep elf sorcerer

Illustrated notes

Levels and vault maps discovered:
D:1:      minmay_arrival_diagonal_passages, layout_basic
D:2:      layout_basic, elyvilon_altar_5, uniq_natasha
D:3:      layout_loops_cross, gammafunk_temple_overflow_wave
D:4:      layout_layer_cave, okawaru_metal_pillars_1_2, grunt_qazlal_sundering,
          nicolae_overflow_hidden_temple,
          nicolae_gozag_cash_rules_everything_around_me, uniq_robin,
          uniq_blork_the_orc
D:5:      layout_loops_ring, first_ration, serial_shops, kennysheep_mini,
          minmay_ogre_servants, uniq_menkaure, uniq_ijyb
D:6:      layout_gridville, lemuel_crystal_altar, basic_altar, uniq_edmund
D:7:      gammafunk_corrupted_shrine, layout_basic,
          lemuel_mausoleum_altar_yredelemnul, minmay_temple_entry_mist,
          uniq_harold, uniq_joseph
D:8:      layout_loops_ring, hangedman_ranch [blue_anna_fruit_fields],
          minivault_27
D:9:      layout_loops_ring, nicolae_overflow_crystal_walls, enter_bailey_8,
          st_stairs_13, uniq_erolcha, uniq_gastronok
D:10:     layout_rooms, eino_tiny_chamber
D:11:     layout_rooms, erik_lair_orcish_takeover, uniq_grum, uniq_sonja
D:12:     layout_cave_pools, hiddenorc1_lemuel
D:13:     gammafunk_beogh_shrine, layout_rooms, david_vaults_3, uniq_maurice
D:14:     layout_gridville
D:15:     hangedman_depths_entry_try_elsewhere_first, layout_rooms,
          gammafunk_ghost_fury_of_okawaru, serial_park_paths
          [serial_park_minivault_5x5_4]
Lair:1:   layout_chaotic_city, hangedman_lair_generics_rect, grunt_megastairs_4
Lair:2:   layout_small_grid, hellmonk_ghost_happy_afterlife, grunt_megastairs_2
Lair:3:   layout_loops_ring, beast_lair_carwin_5
Lair:4:   layout_cave_pods, minmay_swamp_entry_swarm, spider_nest_entry_a,
          cheibrodos_lair_lostbears, uniq_nergalle
Lair:5:   layout_hall_layers, lemuel_oklob_altar, grunt_megastairs_5
Lair:6:   grunt_lair_end_beastmaster, layout_regular_city,
          minmay_slime_entry_pillars, minmay_lair_oklob_chamber,
          serial_bayou_shore_b, grunt_megastairs_3
Swamp:1:  layout_basic_swamp, evilmike_swamp_ruin_house_3
Swamp:2:  layout_basic_swamp, evilmike_swamp_ruin_wall, swamp_pool2,
          cheibrodos_swamp_minitomb
Swamp:3:  layout_falls_marsh, hangedman_swamp_ruin_wall
Swamp:4:  byrel_swamp_growth_death_and_undeath, layout_basic_swamp
Spider:1: layout_chambers
Spider:2: layout_spider_delve, minivault_29
Spider:3: layout_chambers, nicolae_spider_cling_halls
Spider:4: spider_rune_water, spiders_nest_ghost_moth_duel
Orc:1:    layout_diamond_mine, serial_shops, shop
Orc:2:    st_orc_ogre_mass, layout_caves, serial_shops, nicolae_shop_trees,
          shop, shop, gauntlet_entry_generic
Elf:1:    minmay_elf_arrival_plus, layout_loops_cross, minmay_elf_demonology,
          abandoned_shop
Elf:2:    layout_onion_city, serial_shops, shop, serial_glass, glass_columns_b,
          glass_columns_a, due_unseen_surprise, minmay_shop_grove
Elf:3:    minmay_elf_hall_circle, layout_onion_city, serial_shops,
          bzr_entry_customers
Vaults:1: nicolae_vaults_disjoint_gnomons, nicolae_vaults_little_squares_4,
          ontoclasm_vaults_ring_small, ontoclasm_vaults_decontamination,
          vaults_dpeg_diagonal, vaults_mumra_hexcomb, layout_vaults_omnigrid
Vaults:2: hangedman_vaults_stitches, nicolae_vaults_hallways_thing,
          grunt_vaults_twisty, ontoclasm_vaults_loading_screen,
          nicolae_vaults_alarming, nicolae_vaults_three_branches,
          vaults_standard_mumra_enter_the_diamond, hangedman_vaults_slice,
          ontoclasm_vaults_gateway, nicolae_vaults_circle_grid_b,
          nicolae_vaults_angled_halls, ontoclasm_vaults_fault,
          layout_vaults_omnibox, serial_shops, shop, shop, shop, shop
Vaults:3: hangedman_vaults_corner_blocks, minmay_crypt_entry_simple_sparse,
          nicolae_vaults_little_squares_3, ontoclasm_vaults_claustrophobia,
          v_misc_9, ontoclasm_vaults_ligature, vaults_dpeg_cross,
          hangedman_vaults_cutoff, hangedman_vaults_capsules,
          ontoclasm_vaults_idyll, vaults_dpeg_ring, layout_vaults_maze_snakey
Vaults:4: v_rooms_5, grunt_vaults_funnel, v_rooms_2, hangedman_vaults_hat,
          ontoclasm_vaults_loading_screen, vaults_room_pools, vaults_room_fours,
          nicolae_vaults_little_squares_3, v_misc_10, vaults_room_guarded_vault,
          ontoclasm_vaults_twist, grunt_vaults_hallway_short,
          ontoclasm_vaults_misaligned, nicolae_vaults_little_squares_6,
          layout_vaults_omnicross

Skill      XL: |  1  2  3  4  5  6  7  8  9 10 11 12 13 14 15 16 17 18 19 20 21 |
---------------+----------------------------------------------------------------+-----
Stealth        | 1 2 |  2.0
Fighting       | 3 4 5 6 7 8 9 11 12 13 14 15 16 17 20 | 20.0
Maces & Flails | 2 4 7 10 11 12 | 12.0
Bows           | 6 10 14 18 20 | 20.0
Armour         | 3 5 8 9 10 | 10.3
Dodging        | 3 5 6 9 10 | 10.0
Invocations    | 4 8 |  8.0
Shields        | 8 11 14 15 | 15.0
Charms         | 1 4 |  4.0
Spellcasting   | 4 |  4.0

Action                   |  1- 3 |  4- 6 |  7- 9 | 10-12 | 13-15 | 16-18 | 19-21 || total
-------------------------+-------+-------+-------+-------+-------+-------+-------++-------
Melee: Short sword       |    89 |    30 |       |       |       |       |       ||   119
       Kick              |    13 |    51 |   125 |   329 |   242 |   321 |    53 ||  1134
       Whip              |       |   150 |    79 |     2 |       |       |       ||   231
       Club              |       |       |   202 |   719 |   456 |   539 |    57 ||  1973
       Demon whip        |       |       |       |       |       |       |    12 ||    12
 Fire: Shortbow          |     5 |    12 |    57 |   117 |       |       |       ||   191
       Longbow           |       |       |       |   151 |  1232 |  1507 |  2058 ||  4948
Throw: Dart              |       |       |       |       |       |     3 |       ||     3
 Cast: Song of Slaying   |       |       |       |       |       |       |     1 ||     1
Invok: Heroism           |       |       |       |     1 |       |       |       ||     1
Evoke: Wand              |       |       |       |     6 |     1 |     4 |     2 ||    13
       Lightning rod     |       |       |       |       |       |     1 |     1 ||     2
  Use: Scroll            |     4 |     3 |     2 |     9 |    21 |    12 |    24 ||    75
       Potion            |     1 |     2 |       |     9 |     9 |     1 |     5 ||    27
 Stab: Paralysed         |       |       |       |       |       |     4 |       ||     4
       Confused          |       |       |       |       |       |     5 |       ||     5
  Eat: Chunk             |     1 |     8 |    13 |    26 |    29 |    25 |    33 ||   135
       Ration            |       |       |       |     3 |     3 |     4 |     2 ||    12
Armor: Leather armour    |    12 |       |       |       |       |       |       ||    12
       Scale mail        |    21 |    79 |    13 |       |       |       |       ||   113
       Ring mail         |       |       |   103 |   163 |       |       |       ||   266
       Plate armour      |       |       |       |   205 |   500 |   724 |   444 ||  1873
       Robe              |       |       |       |       |       |       |    13 ||    13
Dodge: Dodged            |    27 |    66 |   122 |   267 |   387 |   366 |   327 ||  1562
Block: Kite shield       |       |       |       |       |       |   175 |       ||   175

Table legend:
 A = Non-vault XP
 B = Vault XP
 C = Vault XP percentage of total XP
 D = Non-vault monster count
 E = Vault monster count
 F = Vault count percentage of total count
                 A         B        C        D         E       F
            +---------+---------+-------+---------+---------+-------
      Total |  438960 |  246674 |  36.0 |    1120 |     530 |  32.1
            +---------+---------+-------+---------+---------+-------
        D:1 |      41 |       0 |   0.0 |      25 |       0 |   0.0
        D:2 |      87 |      36 |  29.3 |       9 |       1 |  10.0
        D:3 |     229 |       0 |   0.0 |      40 |       0 |   0.0
        D:4 |     318 |     136 |  30.0 |       9 |      14 |  60.9
        D:5 |     612 |     325 |  34.7 |      30 |      10 |  25.0
        D:6 |     819 |     157 |  16.1 |      28 |       1 |   3.4
        D:7 |    2045 |    2191 |  51.7 |      14 |      14 |  50.0
        D:8 |    1449 |    2167 |  59.9 |      27 |       8 |  22.9
        D:9 |    2450 |    3403 |  58.1 |      20 |       3 |  13.0
       D:10 |    3177 |       0 |   0.0 |      24 |       0 |   0.0
       D:11 |    5259 |    1963 |  27.2 |      25 |      16 |  39.0
       D:12 |    5702 |     286 |   4.8 |      23 |      16 |  41.0
       D:13 |   10532 |   10776 |  50.6 |      35 |      29 |  45.3
       D:14 |   11756 |    1268 |   9.7 |      32 |       1 |   3.0
       D:15 |    7329 |    2107 |  22.3 |      20 |       3 |  13.0
     Lair:1 |    2999 |    2299 |  43.4 |      12 |       8 |  40.0
     Lair:2 |    2186 |    4724 |  68.4 |      12 |       6 |  33.3
     Lair:3 |    2801 |     958 |  25.5 |      10 |       6 |  37.5
     Lair:4 |    6283 |    3327 |  34.6 |      18 |      12 |  40.0
     Lair:5 |    6711 |     941 |  12.3 |      14 |       3 |  17.6
     Lair:6 |    8799 |   13164 |  59.9 |      20 |      31 |  60.8
    Swamp:1 |   13880 |       0 |   0.0 |      37 |       0 |   0.0
    Swamp:2 |   12998 |    1203 |   8.5 |      25 |       7 |  21.9
    Swamp:3 |   11695 |     983 |   7.8 |      30 |       1 |   3.2
    Swamp:4 |    3997 |   28984 |  87.9 |       6 |      40 |  87.0
   Spider:1 |   10706 |       0 |   0.0 |      34 |       0 |   0.0
   Spider:2 |   21093 |    8166 |  27.9 |      58 |      45 |  43.7
   Spider:3 |    8188 |     583 |   6.6 |      25 |       2 |   7.4
   Spider:4 |    9056 |   22728 |  71.5 |      20 |      43 |  68.3
      Orc:1 |     732 |       0 |   0.0 |       9 |       0 |   0.0
      Orc:2 |     900 |   18018 |  95.2 |      14 |      39 |  73.6
      Elf:1 |   20517 |    7612 |  27.1 |      29 |      12 |  29.3
      Elf:2 |   30383 |   24034 |  44.2 |      49 |      30 |  38.0
      Elf:3 |   22263 |   13371 |  37.5 |      35 |      12 |  25.5
   Vaults:1 |   46343 |    7636 |  14.1 |      87 |       8 |   8.4
   Vaults:2 |   33315 |    8082 |  19.5 |      54 |      13 |  19.4
   Vaults:3 |   37677 |   10955 |  22.5 |      57 |      12 |  17.4
   Vaults:4 |   39143 |   37056 |  48.6 |      51 |      40 |  44.0
    Abyss:3 |   34490 |       0 |   0.0 |      53 |       0 |   0.0
     Bailey |       0 |    1223 | 100.0 |       0 |      30 | 100.0
   Gauntlet |       0 |    5812 | 100.0 |       0 |      14 | 100.0
            +---------+---------+-------+---------+---------+-------
